Map: Tourmaline LE

Players

ScalpelSquad

  • Race: Terran Terran
  • League: Diamond
  • Spawn Location: 7:00

MattBarry - Winner!

  • Race: Zerg Zerg
  • League: Master
  • Spawn Location: 1:00

VOD

Have the link to the VOD?

Description

Time

  • Played on: Jan. 9, 2026, 10:36 a.m.
  • Length: 25:52
Show
View Real Time Build Order
Export as new Build Order

ScalpelSquad Terran 

Build Orders:  

Get SALT Encoding   

  12  0:00  SCV  
  13  0:12  SCV  
  14  0:18  Supply Depot  
  14  0:26  SCV  
  15  0:41  Barracks  
  15  0:45  Supply Depot  
  15  0:48  SCV  
  16  0:56  Refinery  
  16  1:00  SCV  
  17  1:12  Refinery  
  17  1:15  SCV  
  18  1:27  SCV  
  18  1:32  Marine  
  20  1:34  Supply Depot  
  21  1:40  Orbital Command  
  20  1:51  Marine  
  21  1:57  Factory  
  21  2:08  SCV  
  22  2:15  Marine  
  23  2:33  SCV  
  24  2:41  Barracks Reactor  
  24  2:42  Factory Tech Lab  
  24  2:47  Command Center  
  24  2:50  SCV  
  25  3:01  Siege Tank  
  25  3:04  SCV  
  29  3:11  Supply Depot  
  29  3:16  SCV  
  30  3:21  Starport  
  30  3:22  Marine  
  31  3:31  Supply Depot  
  31  3:38  Siege Tank  
  31  3:39  SCV  
  35  3:44  Marine  
  35  3:45  Marine  
  37  3:52  SCV  
  38  4:06  SCV  
  38  4:07  Liberator, Marine x2  
  44  4:18  SCV  
  44  4:19  Orbital Command  
  44  4:21  Siege Tank  
  48  4:27  Marine x2  
  50  4:32  SCV  
  51  4:40  Engineering Bay  
  51  4:44  SCV  
  51  4:45  SCV  
  53  4:53  Barracks  
  53  4:56  SCV  
  53  4:57  Siege Tank  
  57  5:04  Marine x2, SCV  
  60  5:07  Refinery  
  60  5:11  Missile Turret  
  60  5:14  SCV  
  61  5:16  Starport Reactor  
  61  5:20  SCV  
  62  5:24  Refinery  
  62  5:31  Supply Depot  
  62  5:38  Factory  
  62  5:52  SCV x2, Marine x2  
  62  5:55  Medivac x2  
  70  6:03  Barracks Tech Lab  
  70  6:08  Supply Depot  
  70  6:11  Barracks Tech Lab  
  70  6:22  Supply Depot  
  70  6:24  Missile Turret  
  70  6:25  Factory Tech Lab  
  70  6:29  SCV x2, Marine x2  
  70  6:30  Combat Shield  
  74  6:33  Barracks  
  74  6:36  Marine  
  75  6:41  SCV  
  75  6:42  SCV  
  75  6:46  Command Center  
  77  6:47  Marine  
  77  6:50  Marine  
  77  6:53  SCV  
  80  7:09  Marine x2, SCV  
  83  7:16  Siege Tank  
  83  7:22  Marine  
  77  7:27  Marine x2  
  67  7:39  SCV x2  
  67  7:40  Marine  
  64  7:51  SCV  
  65  7:54  SCV  
  65  7:55  Siege Tank x2  
  72  8:03  SCV  
  70  8:06  SCV, Marine x2  
  70  8:08  Barracks Reactor  
  70  8:10  Stimpack, Factory  
  73  8:15  Supply Depot  
  73  8:16  Marine, SCV  
  75  8:23  Marine  
  76  8:27  Planetary Fortress, Siege Tank  
  76  8:32  SCV x2, Missile Turret  
  81  8:34  Marine x2  
  83  8:41  Factory  
  83  8:44  Marine x2, Barracks  
  83  8:46  Medivac x2, Siege Tank  
  92  8:53  Refinery  
  92  8:54  Terran Infantry Weapons Level 1  
  92  8:56  Armory  
  72  9:11  SCV x3  
  72  9:16  Marine x2  
  72  9:17  Command Center, Marine x3  
  77  9:18  Medivac x2  
  77  9:23  SCV x3  
  87  9:25  Refinery  
  87  9:26  Factory Tech Lab  
  87  9:32  Barracks Reactor  
  87  9:34  Marine x2  
  87  9:35  Marine x2, SCV x3  
  87  9:36  Marine  
  95  9:47  SCV x2  
  95  9:48  Medivac  
  95  9:52  Marine x2  
  101  9:56  Marine x2, SCV  
  101  9:58  Siege Tank  
  101  9:59  SCV  
  108  10:00  SCV  
  109  10:10  Terran Vehicle Weapons Level 1  
  109  10:14  Supply Depot  
  109  10:28  Liberator, Marine x2, Siege Tank, SCV x3  
  120  10:29  Marine x4  
  124  10:40  SCV  
  124  10:42  Marine, Siege Tank x2  
  102  10:46  Marine x2  
  102  10:48  SCV x2  
  94  10:54  Marine x2  
  96  10:57  SCV  
  96  11:00  SCV, Siege Tank  
  96  11:02  SCV  
  102  11:07  Starport  
  102  11:08  Missile Turret  
  103  11:11  SCV  
  103  11:14  Siege Tank  
  103  11:18  Factory  
  106  11:21  Planetary Fortress, Factory  
  106  11:31  Marine x3, SCV x2  
  111  11:33  SCV  
  111  11:34  Marine x2  
  111  11:37  Marine  
  115  11:43  SCV x2  
  115  11:44  Starport Reactor  
  115  11:45  Liberator  
  115  11:46  SCV  
  121  11:51  Marine x2  
  123  11:55  SCV x2, Factory Tech Lab  
  123  11:58  SCV x2  
  123  11:59  Marine  
  123  12:00  Marine x3  
  131  12:04  Refinery  
  131  12:06  Supply Depot  
  131  12:07  SCV  
  132  12:10  Supply Depot  
  132  12:11  Factory Tech Lab x2  
  132  12:19  Supply Depot  
  132  12:21  Supply Depot  
  132  12:27  SCV x4  
  136  12:34  Marine  
  136  12:35  Marine  
  136  12:36  Siege Tank  
  141  12:39  SCV x2  
  141  12:40  SCV  
  141  12:41  Marine x2  
  146  12:48  Marine x2, SCV  
  146  12:49  Liberator x2  
  155  12:51  Siege Tank x2  
  155  12:52  SCV  
  162  13:00  Marine x2  
  164  13:10  Siege Tank x3  
  164  13:11  Marine x2, Siege Tank  
  151  13:17  SCV x3  
  151  13:18  SCV  
  141  13:23  Marine x2, Siege Tank  
  141  13:24  Siege Tank  
  149  13:29  SCV x2  
  149  13:32  SCV x2  
  148  13:34  Liberator x2  
  148  13:35  Liberator x2  
  148  13:39  Refinery  
  160  13:41  SCV x2  
  162  13:50  Command Center  
  162  13:52  SCV  
  162  13:53  SCV  
  164  14:30  Terran Vehicle Weapons Level 2  
  164  14:31  Terran Infantry Weapons Level 2  
  164  14:38  Supply Depot  
  164  14:45  Missile Turret x2  
  164  14:49  Orbital Command  
  164  14:53  Supply Depot  
  164  14:54  Supply Depot  
  164  14:59  Liberator, Marine, Medivac x2  
  172  15:01  Supply Depot  
  172  15:02  SCV x2, Marine, Siege Tank x4  
  172  15:03  Planetary Fortress  
  187  15:07  Missile Turret  
  187  15:09  Missile Turret  
  187  15:12  Missile Turret  
  187  15:14  SCV x3, Marine x5  
  187  15:15  SCV, Siege Tank, Missile Turret  
  187  15:17  Marine  
  200  15:24  Supply Depot  
  200  15:36  Siege Tank  
  167  15:43  SCV x4  
  167  15:47  Liberator x2  
  171  15:54  SCV  
  171  15:55  SCV  
  171  15:56  Refinery  
  173  15:58  Refinery  
  173  15:59  Command Center, Liberator x2  
  173  16:00  Siege Tank  
  173  16:01  Marine x2, Siege Tank  
  173  16:02  Command Center  
  187  16:07  Siege Tank x2  
  171  16:13  Marine x2, Siege Tank  
  168  16:22  Marine x2, SCV  
  168  16:24  Marine x2, Siege Tank  
  168  16:25  Marine  
  160  16:30  Liberator  
  160  16:31  SCV x2, Marine x2  
  160  16:32  SCV  
  156  16:33  Siege Tank  
  156  16:34  Siege Tank  
  168  16:40  Marine x2  
  168  16:42  Marine x2  
  168  16:43  Marine  
  173  16:48  Marine, SCV x2  
  173  16:52  Liberator x2  
  173  16:53  Liberator  
  185  16:59  Marine x3  
  185  17:01  Siege Tank  
  191  17:06  Terran Vehicle Weapons Level 3  
  191  17:07  Siege Tank  
  188  17:09  SCV  
  188  17:10  Marine x3, SCV x2  
  188  17:13  Liberator  
  197  17:15  Marine  
  197  17:16  Marine  
  199  17:31  Marine x2, Siege Tank  
  199  17:33  SCV  
  199  17:34  SCV  
  199  17:35  Liberator x3  
  176  17:40  Marine x2, Siege Tank  
  176  17:42  Planetary Fortress  
  172  17:45  Planetary Fortress  
  172  17:49  SCV  
  172  17:50  SCV  
  173  17:56  Marine x2  
  173  17:57  Marine x2  
  177  18:00  Liberator  
  177  18:03  Marine x2, Siege Tank  
  179  18:13  Marine  
  179  18:14  Marine x3  
  179  18:16  SCV  
  179  18:17  SCV x2  
  179  18:18  Liberator x3  
  195  18:30  Marine x2  
  195  18:31  Siege Tank  
  200  18:40  Starport  
  187  18:52  Marine x2  
  187  18:54  Marine x2, Siege Tank x2  
  158  18:58  SCV x3  
  158  18:59  Marine x3, SCV  
  158  19:00  Siege Tank x2  
  165  19:03  Liberator x4  
  165  19:07  Command Center  
  165  19:09  Command Center  
  163  19:25  Marine x2  
  163  19:26  Siege Tank x3  
  163  19:27  Command Center, Siege Tank  
  163  19:29  Command Center  
  163  19:30  SCV  
  163  19:31  SCV  
  179  19:32  Siege Tank  
  179  19:37  Marine x5  
  187  19:43  Marine x2  
  189  19:59  Siege Tank x2  
  195  20:11  SCV x2  
  196  20:16  Medivac x2  
  199  20:28  Starport Tech Lab  
  198  20:32  Missile Turret  
  194  20:36  Missile Turret  
  194  20:47  Missile Turret  
  194  20:49  Missile Turret  
  194  20:50  Command Center, Missile Turret  
  194  20:52  Missile Turret  
  194  20:53  Command Center  
  194  20:54  SCV x2  
  151  21:26  Marine  
  151  21:27  Marine x6  
  151  21:28  Siege Tank x3  
  151  21:29  Liberator x2, Medivac  
  151  21:31  Orbital Command  
  155  21:34  SCV x3  
  152  21:44  Marine x3  
  152  21:45  Marine x4  
  155  21:47  SCV x2  
  154  22:00  Siege Tank x2  
  151  22:02  Command Center, Marine x7  
  151  22:03  Command Center  
  151  22:07  Missile Turret  
  158  22:12  Siege Tank x4  
  158  22:13  Missile Turret  
  158  22:14  Liberator, SCV  
  174  22:16  Missile Turret  
  174  22:18  Refinery  
  174  22:20  Refinery, Marine x6  
  180  22:33  Marine  
  181  22:37  Marine, SCV x2  
  181  22:38  Marine x2  
  181  22:42  Missile Turret  
  186  22:52  Siege Tank x4  
  186  22:53  Command Center  
  198  23:00  Command Center  
  198  23:04  Barracks  
  198  23:06  Barracks  
  198  23:08  Marine x2  
  199  23:29  Viking  
  199  23:32  Viking  
  200  23:37  Marine  
  200  23:39  SCV  
  190  24:06  Marine x7  
  142  24:12  SCV x2  
  120  24:17  Planetary Fortress  
  120  24:22  Planetary Fortress  
  120  24:23  Planetary Fortress  
  120  24:24  Marine x7, Missile Turret x2  
  121  24:26  Barracks Reactor  
  127  24:33  Viking x3  
  127  24:34  Siege Tank x2  
  127  24:35  Siege Tank x4  
  127  24:38  SCV x2  
  153  24:41  Marine  
  153  24:42  Marine x6  
  153  24:43  Barracks Reactor  
  153  24:44  Planetary Fortress  
  153  24:45  Planetary Fortress  
  160  24:51  Missile Turret  
  160  24:59  Marine  
  161  25:00  Marine x6  
  161  25:06  Medivac x4  
  166  25:10  Viking  
  154  25:17  Marine x3  
  154  25:18  Marine x4  
  150  25:24  Marine x4  
Show
View Real Time Build Order
Export as new Build Order

MattBarry Zerg - Winner!

Build Orders: Hatch First 

Get SALT Encoding   

  12  0:00  Drone  
  13  0:08  Drone  
  14  0:15  Extractor  
  14  0:16  Drone  
  15  0:26  Overlord  
  15  0:44  Drone  
  16  0:52  Extractor  
  15  0:59  Drone x2  
  15  1:01  Drone  
  18  1:09  Hatchery  
  17  1:12  Drone  
  18  1:19  Spawning Pool  
  17  1:29  Drone  
  18  1:35  Drone  
  19  1:43  Drone  
  20  1:55  Drone  
  21  2:15  Zergling x2  
  21  2:20  Overlord  
  21  2:21  Queen  
  21  2:22  Metabolic Boost  
  24  2:23  Queen  
  24  2:25  Zergling x2  
  26  2:32  Zergling x2  
  27  2:51  Drone x4  
  27  2:56  Drone  
  32  3:05  Drone x2  
  34  3:12  Hatchery  
  33  3:14  Zergling x2  
  33  3:19  Drone x2  
  36  3:25  Extractor  
  35  3:30  Queen, Baneling Nest  
  35  3:31  Overlord  
  36  3:46  Overlord  
  35  3:57  Overlord  
  35  3:59  Evolution Chamber  
  35  4:00  Queen  
  36  4:03  Drone x5  
  36  4:05  Drone  
  36  4:08  Drone  
  43  4:13  Spore Crawler  
  42  4:17  Spore Crawler  
  41  4:25  Lair  
  41  4:33  Drone x3  
  41  4:34  Drone  
  41  4:37  Drone x2  
  47  4:48  Drone x5  
  52  4:59  Drone x5  
  57  5:06  Pneumatized Carapace  
  57  5:08  Drone x2  
  57  5:11  Zerg Ground Armor Level 1  
  59  5:17  Drone  
  59  5:18  Drone x2, Spore Crawler  
  61  5:22  Queen  
  61  5:24  Drone x3  
  61  5:26  Overlord  
  66  5:40  Overlord x3  
  66  5:46  Spore Crawler  
  64  5:52  Overlord x2  
  64  6:08  Spore Crawler  
  63  6:16  Spore Crawler, Centrifugal Hooks  
  62  6:23  Drone  
  62  6:24  Drone x7  
  62  6:25  Drone x6  
  75  6:26  Drone  
  75  6:30  Extractor  
  76  6:46  Hatchery  
  75  6:58  Zergling x22  
  75  6:59  Baneling  
  75  7:00  Extractor, Baneling  
  85  7:06  Zergling x10  
  89  7:12  Zergling x6  
  83  7:28  Zergling x8  
  83  7:29  Zergling x8  
  74  7:39  Queen x3  
  74  7:43  Baneling  
  80  7:55  Drone x4  
  80  7:56  Drone x3  
  85  8:05  Zergling x16  
  90  8:12  Hatchery  
  89  8:13  Hatchery  
  89  8:14  Zergling x2  
  89  8:15  Hydralisk Den  
  89  8:16  Baneling x4  
  88  8:37  Queen  
  88  8:38  Queen  
  88  8:39  Overlord x2  
  88  8:40  Overlord  
  88  8:41  Overlord x2  
  92  8:42  Zerg Ground Armor Level 2  
  92  8:47  Hydralisk x3, Grooved Spines  
  98  8:49  Overlord, Evolution Chamber  
  91  9:01  Zergling x22  
  99  9:09  Zergling x4  
  90  9:15  Zerg Melee Weapons Level 1  
  90  9:16  Zergling x2  
  90  9:17  Zergling x2, Hydralisk  
  92  9:18  Hatchery  
  92  9:19  Hydralisk  
  92  9:20  Baneling x3  
  92  9:21  Hydralisk x3, Baneling x2  
  101  9:25  Queen  
  101  9:27  Queen  
  105  9:31  Hydralisk x2  
  105  9:32  Hydralisk x3  
  105  9:33  Hydralisk  
  105  9:35  Zergling x12  
  123  9:54  Spore Crawler  
  123  9:57  Extractor  
  123  9:58  Drone x4  
  125  10:02  Extractor  
  124  10:21  Zergling x24, Overlord  
  126  10:22  Overlord x2  
  126  10:25  Muscular Augments  
  130  10:41  Hydralisk x9  
  128  10:44  Zergling x16  
  136  10:54  Hydralisk  
  136  10:55  Drone  
  136  10:56  Drone x4  
  136  10:57  Drone x4  
  144  10:59  Drone  
  148  11:05  Overlord x3  
  148  11:08  Extractor  
  148  11:09  Extractor  
  146  11:16  Infestation Pit, Zerg Melee Weapons Level 2  
  145  11:18  Zerg Missile Weapons Level 1  
  145  11:31  Spire  
  144  11:34  Baneling  
  144  11:35  Baneling x4  
  144  11:38  Baneling x4  
  145  11:40  Zergling x24  
  145  11:41  Zergling x4, Hydralisk x5  
  168  11:47  Drone x2  
  168  11:48  Drone x8  
  178  12:00  Drone x2  
  180  12:02  Overlord x3  
  180  12:06  Hive  
  180  12:15  Evolution Chamber  
  180  12:17  Burrow  
  179  12:45  Baneling x6  
  179  12:46  Baneling x2  
  176  13:12  Hydralisk x3  
  163  13:13  Zergling x2, Hydralisk x2  
  163  13:14  Zergling x10  
  178  13:20  Zerg Ground Armor Level 3  
  178  13:22  Ultralisk Cavern  
  177  13:29  Greater Spire  
  177  13:42  Overlord x2  
  177  13:43  Overlord  
  177  13:47  Extractor  
  176  13:48  Extractor  
  175  13:58  Hatchery  
  174  14:14  Hatchery x2  
  172  14:23  Hatchery  
  171  14:30  Ultralisk  
  171  14:31  Ultralisk x3  
  195  14:33  Chitinous Plating  
  195  14:37  Zerg Melee Weapons Level 3  
  195  14:45  Overlord x2  
  195  14:46  Overlord x3  
  195  14:47  Overlord  
  195  14:48  Lurker Den  
  195  14:51  Overseer  
  195  14:52  Overseer x2  
  194  14:53  Overseer  
  194  15:01  Neural Parasite  
  194  15:08  Zerg Flyer Armor Level 1  
  168  15:49  Zergling x10  
  170  15:50  Zergling x14  
  170  15:52  Adrenal Glands, Anabolic Synthesis  
  112  16:32  Overseer x4  
  90  16:33  Ultralisk x3  
  90  16:34  Ultralisk x8  
  90  16:35  Zergling x30, Ultralisk  
  90  16:36  Overlord x4  
  90  16:37  Hydralisk x7  
  183  17:18  Baneling x5  
  183  17:19  Baneling x2  
  183  17:20  Hydralisk, Baneling x5  
  183  17:21  Hydralisk x5  
  174  17:39  Hydralisk  
  174  17:40  Hydralisk x7  
  179  17:52  Hydralisk x4  
  179  17:53  Hydralisk x2  
  187  17:58  Drone  
  187  17:59  Drone x7  
  187  18:00  Drone  
  192  18:23  Extractor  
  192  18:26  Spore Crawler, Extractor  
  185  18:29  Corruptor x2  
  185  18:30  Corruptor x5  
  174  18:53  Hydralisk x3  
  174  18:54  Hydralisk x4  
  170  18:58  Hydralisk x15  
  170  18:59  Zergling x4  
  196  19:47  Hatchery  
  183  19:53  Corruptor x4  
  183  19:54  Corruptor  
  195  20:01  Seismic Spines  
  192  20:44  Queen x2  
  196  20:58  Adaptive Talons  
  196  21:12  Drone x2  
  196  21:13  Drone x8  
  174  21:24  Zergling x2  
  174  21:25  Zergling x32  
  127  21:35  Zergling x26  
  127  21:38  Corruptor x3  
  143  21:41  Corruptor x3  
  139  21:56  Brood Lord  
  139  21:57  Brood Lord x6  
  139  21:58  Brood Lord, Corruptor  
  139  21:59  Corruptor x9  
  139  22:00  Corruptor x2  
  177  22:04  Baneling x5  
  177  22:05  Baneling x3  
  177  22:30  Drone x3  
  177  22:31  Drone x3  
  183  22:45  Extractor  
  183  22:46  Extractor  
  181  23:09  Hydralisk x4  
  181  23:10  Hydralisk x5  
  196  23:20  Baneling  
  196  23:21  Baneling x5  
  186  23:46  Zergling x16  
  154  24:13  Zergling x24  
  149  25:00  Hatchery  
  144  25:13  Hatchery  
  137  25:15  Zergling x30, Hydralisk  
  137  25:16  Zergling x2, Hydralisk x8  
Tags
 
Add a new tag
Caveats
  • Supply blocks, unpowered buildings, or Contaminate may cause inaccurate times.
  • Supply counts are checked every 10 seconds.